marshall, neutral male scurrid Tourist II ^I I marshall the Sightseer Experience level: 5 Strength: 11 Dexterity: 9 Constitution: 14 Intelligence: 13 Wisdom: 12 Charisma: 13 Health: 0(37) Energy: 17(17) Def: 2 Gold: 987 Moves: 1049 Dungeon seed: kHYdvCg7ba7zUlv3 Game ID: marshall_1528975709 Your Inventory: Coins $ - 987 gold pieces Weapons a - 49 uncursed +2 darts (in quiver) A - 8 uncursed +2 darts named +2 D - 21 uncursed +1 darts named +1 E - 6 blessed +1 darts named +1 K - 6 uncursed +0 darts Armor e - an uncursed +0 Hawaiian shirt (being worn) r - an uncursed +0 dwarvish iron helm (being worn) y - an uncursed +0 dwarvish cloak (being worn) Comestibles b - 2 uncursed tins of goblin meat c - 2 uncursed pancakes d - 4 uncursed food rations f - 2 uncursed fortune cookies g - an uncursed cram ration h - an uncursed candy bar Scrolls j - 4 uncursed scrolls of magic mapping p - an uncursed scroll of scare monster u - an uncursed scroll of enchant armor H - an uncursed scroll of identify Potions S - an uncursed potion of confusion Z - an uncursed potion of water Rings o - an uncursed ring of regeneration (on left paw) Wands m - an uncursed wand of secret door detection (0:11) M - an uncursed wand of sleep (0:4) O - an uncursed wand of locking (0:5) P - an uncursed wand of magic missile (0:5) Q - an uncursed wand of cancellation (0:4) Tools k - an uncursed expensive camera (0:51) l - an uncursed skeleton key n - an uncursed leash I - an uncursed wooden harp Spells and supernatural/magical abilities: Name Level Category Fail Memory h - healing 1 healing 50% 97% I - identify 3 divination 100% 97% W - pray for help -- divine ? -- Your skills at the end: Miscellaneous Skills wands [Basic] stealth [Expert] Weapon Skills dart [Basic] Spellcasting Skills Final Attributes: You were devoutly aligned. You were blinded. Your writing paw was ok. You had infravision. You were very stealthy. You regenerated. You are dead. Vanquished creatures: a tengu an orc mummy a paper golem 4 dwarves a homunculus 3 rothes 2 orc zombies a gas spore a hobbit a giant rat 5 cave spiders a red mold 2 gnomes 2 grid bugs a lichen a kobold zombie 28 creatures vanquished. Voluntary challenges: You did not cause conflict. You were not invisible. You did not have reflection. You were not displaced. You never hit with a wielded weapon. You did not apply a unicorn horn. You did not use plumbed fixtures. You read items or engraved 17 times, starting on turn 22. You never genocided any monsters. You never polymorphed an object. You never changed form. You used no wishes. You never split a pudding. You never wrote Elbereth's name. You never violated your personal moral code. Dungeon overview: The Dungeons of Doom: levels 1 to 29 Level 1 a long staircase Level 2 some fountains Level 3 a general store Level 4 stairs to The Gnomish Mines Level 5 Level 6 Level 7 Level 8 Level 9 Level 10 Level 11 Level 12 an altar to Offler Level 13 Level 14 Level 15 Level 16 Level 17 Level 18 Level 19 Level 20 Level 21 Level 22 Level 23 many trees Level 24 Level 25 Level 26 Level 27 Level 28 Level 29 <- You were here The Gnomish Mines: levels 5 to 8 Level 5 stairs to The Dungeons of Doom Level 6 Level 7 Level 8 some shops, a temple to The Lady, a magic chest, some fountains History has recorded: On T:1 you entered the Dungeons of Doom to retrieve the Amulet of Yendor! On T:16 you reached level 2 of The Dungeons of Doom. On T:30 you reached level 3 of The Dungeons of Doom. On T:57 you reached level 4 of The Dungeons of Doom. On T:84 you reached level 1 of The Gnomish Mines. On T:98 you reached level 2 of The Gnomish Mines. On T:105 you reached level 3 of The Gnomish Mines. On T:115 you reached level 4 of The Gnomish Mines. On T:182 you advanced to experience level 2. On T:188 you advanced to experience level 3. On T:225 you entered the Minetown temple On T:229 you advanced to experience level 4. On T:292 you opened a magic chest. On T:698 you advanced to experience level 5. On T:718 you reached level 5 of The Dungeons of Doom. On T:737 you reached level 6 of The Dungeons of Doom. On T:746 you reached level 7 of The Dungeons of Doom. On T:812 you reached level 8 of The Dungeons of Doom. On T:824 you reached level 9 of The Dungeons of Doom. On T:832 you reached level 10 of The Dungeons of Doom. On T:859 you reached level 11 of The Dungeons of Doom. On T:883 you reached level 12 of The Dungeons of Doom. On T:895 you reached level 13 of The Dungeons of Doom. On T:901 you reached level 14 of The Dungeons of Doom. On T:908 you reached level 15 of The Dungeons of Doom. On T:914 you reached level 16 of The Dungeons of Doom. On T:914 you entered the Rogue tribute level. On T:922 you reached level 17 of The Dungeons of Doom. On T:928 you reached level 18 of The Dungeons of Doom. On T:934 you prayed to The Lady. On T:958 you reached level 19 of The Dungeons of Doom. On T:967 you reached level 20 of The Dungeons of Doom. On T:979 you reached level 21 of The Dungeons of Doom. On T:981 you reached level 22 of The Dungeons of Doom. On T:1005 you reached level 23 of The Dungeons of Doom. On T:1012 you reached level 24 of The Dungeons of Doom. On T:1019 you reached level 25 of The Dungeons of Doom. On T:1025 you reached level 26 of The Dungeons of Doom. On T:1032 you reached level 27 of The Dungeons of Doom. On T:1039 you reached level 28 of The Dungeons of Doom. On T:1045 you reached The Castle. Score breakdown: Gold: 262 ( 26 points) Experience: 5 levels ( 400 points) Exploration: 29 levels ( 840 points) Discoveries: 22 items ( 1100 points) Variety of kills: 16 monsters ( 800 points) Major goal: reached Minetown ( 500 points) Survival: died (score multiplied by 3) Total score: 10998 Latest messages: You continue digging downward. (7x) You dig a hole through the floor. You fall through... You start digging downward. You continue digging downward. You dig a pit in the floor. You continue digging downward. (7x) You dig a hole through the floor. You fall through... You start digging downward. You continue digging downward. You dig a pit in the floor. You continue digging downward. The floor here is too hard to dig in. Wait! There's something there you can't see! You miss it. Something hits you! Something stole 7 blessed darts named +2. Something bites! Something claws you! (2x) Something punches you! You die... Final status: Aloha marshall the Tourist, killed by an owlbear... You died in The Dungeons of Doom on dungeon level 29 with 10998 points, and 987 pieces of gold, after 1049 moves. You were level 5 with a maximum of 37 hit points when you died.